 Dungeon Crawl Stone Soup version 0.30-a0-23-ge60ba3568b (webtiles) character file.

Game seed: 6526365649987768904

32 Sobieck the Sneak (level 3, -1/21 HPs)
             Began as a Kobold Brigand on Aug 25, 2022.
             Slain by a gnoll
             ... wielding a +0 club
              (3 damage)
             ... on level 2 of the Dungeon.
             The game lasted 00:02:21 (1128 turns).

Sobieck the Sneak (Kobold Brigand)                  Turns: 1128, Time: 00:02:21

Health: -1/21      AC:  4    Str:  8    XL:     3   Next: 45%
Magic:  3/3        EV: 15    Int: 12    God:
Gold:   66         SH:  0    Dex: 18    Spells: 2/2 levels left

rFire   . . .      SeeInvis .    a - +2 dagger {short}
rCold   . . .      Faith    .    (no shield)
rNeg    . . .      Spirit   .    b - +0 robe
rPois   .          Reflect  .    l - +0 helmet
rElec   .          Harm     .    c - +0 cloak
rCorr   .          Rampage  .    (no gloves)
Will    .....                    (no boots)
Stlth   ++++......               (no amulet)
HPRegen 0.07/turn                (no ring)
MPRegen 0.08/turn                (no ring)

@: no status effects
A: small, no large weapons, nightstalker 3
a: no special abilities


You were on level 2 of the Dungeon.
You visited 1 branch of the dungeon, and saw 2 of its levels.

You collected 66 gold pieces.


Innate Abilities, Weirdness & Mutations

You are small and have problems with some larger weapons.
You are completely attuned to the shadows.


   Skills:
 - Level 2.1 Fighting
 * Level 4.2 Short Blades
 - Level 2.1 Throwing
 + Level 2.3 Dodging
 - Level 5.3 Stealth


You had 2 spell levels left.
You didn't know any spells.
Your spell library was empty.

Inventory:

Hand Weapons
 a - a +2 dagger (weapon) {short}
Missiles
 d - 9 poisoned darts (quivered) {throwing}
 e - 3 curare-tipped darts {=fthrowing}
 i - 2 boomerangs of dispersal {=f!fthrowing}
 k - 23 stones {throwing}
Armour
 b - a +0 robe (worn)
 c - a +0 cloak (worn)
 j - a +0 ring mail
   (You found it on level 1 of the Dungeon)
 l - a +0 helmet (worn)
   (You found it on level 1 of the Dungeon)
 p - a +0 ring mail
   (You found it on level 2 of the Dungeon)
Scrolls
 f - 2 scrolls of identify {unknown}
 g - a scroll of vulnerability {unknown}
 m - a scroll of butterflies {unknown}
 o - a scroll of magic mapping {unknown}
Potions
 h - a potion of lignification {unknown}
 n - a potion of degeneration {unknown}
 q - a potion of heal wounds {unknown}

Dungeon Overview and Level Annotations

Branches:
Dungeon (2/15) Zot: 10878

Altars:
Yredelemnul

Shops:
D:2

[[:
#............
#.#####.._..#
#.# #.....#
#.# #.....#
#.# #(...###
###.....
#.####
#######.#
..gg@.$.#
##g####.# #
#.# ..# ###


You could see 3 gnolls.


Message History

Found a stone staircase leading down.
Danger!
The helpless rat fails to defend itself.
You impale the rat!!
You kill the rat!
There is a stone staircase leading down here.
You now have 44 gold pieces (gained 12).
You now have 49 gold pieces (gained 5).
A quokka comes into view.
Danger!
The quokka closely misses you. The quokka misses you.
You hit the quokka.
The quokka bites you but does no damage.
You barely miss the quokka. The quokka completely misses you.
You hit the quokka.
You kill the quokka!
Your Short Blades skill increases to level 4!
No target in view!
Found a stone staircase leading down.
Unknown command.
There is a stone staircase leading down here.
You see here a quokka corpse.
You open the door.
There is an open door here.
Done exploring.
(D) Dungeon
Where to? (? - help)
There is an open door here.
There is a stone staircase leading down here.
You climb downwards.
Found a golden potion.
Found a stone staircase leading down.
There is a stone staircase leading up here.
An endoplasm is nearby!
Danger!
Found Ytohud's Book Shop.
There is a stone staircase leading down here.
The helpless endoplasm fails to defend itself.
You impale the endoplasm!!
You kill the endoplasm!
n - a golden potion
Found a stone staircase leading up.
There is an entrance to Ytohud's Book Shop here.
You can access your shopping list by pressing '$'.
Unknown command.
Unknown command.
o - a scroll labelled POX SUARIUMU Unknown command.
Found Emuu's Armour Shop.
Unknown command.
You now have 59 gold pieces (gained 10).
There is an entrance to Emuu's Armour Shop here.
You can access your shopping list by pressing '$'.
Unknown command.
Unknown command.
Found Tewnuet's Armour Shoppe.
f - 2 scrolls labelled MAARUTW WORURCH (gained 1) Unknown command.
p - a +0 ring mail You open the door.
There is an open door here.
There is an entrance to Tewnuet's Armour Shoppe here.
There is an open door here.
An adder comes into view.
Danger!
The helpless adder fails to defend itself.
You stick the adder like a pincushion!!!
You kill the adder!
No target in view!
You now have 66 gold pieces (gained 7).
Found a basalt altar of Yredelemnul.
Unknown command.
q - a viscous emerald potion Unknown command.
A gnoll comes into view. It is wielding a +0 club.
You see here 3 gold pieces.
Danger!
The gnoll shouts!
A gnoll comes into view. It is wielding a +0 spear.
A gnoll comes into view. It is wielding a +0 spear.
The gnoll misses you.
You see here a scroll labelled LEFONWUAGUWK.
Unknown command.
Unknown command.
The gnoll shouts!
You hit the gnoll.
The gnoll hits you from afar with a +0 spear.
The gnoll hits you but does no damage. The gnoll barely misses you.
You hit the gnoll. The gnoll closely misses you. The gnoll barely misses you.
The gnoll closely misses you.
You hit the gnoll. The gnoll closely misses you.
The gnoll hits you but does no damage.
The gnoll hits you from afar with a +0 spear.
Unknown command.
You barely miss the gnoll. You closely miss the gnoll.
The gnoll hits you from afar with a +0 spear.
* * * LOW HITPOINT WARNING * * *
The gnoll hits you from afar with a +0 spear.
* * * LOW HITPOINT WARNING * * *
The gnoll hits you with a +0 club.
You die...

Skill      XL: |  1  2  3 |
---------------+----------+-----
Short Blades   | 3 4 |  4.2
Dodging        | 2 |  2.3
Fighting       | |  2.1
Throwing       | |  2.1
Stealth        | |  5.3

Action                   || total
-------------------------++-------
Melee: Dagger            ||    41
 Stab: Sleeping          ||    10
Armor: Robe              ||     5
Dodge: Dodged            ||    26

Levels and vault maps discovered:
D:1:      grunt_arrival_crossed_arrows, layout_loops_cross,
          shapermc_ecumenical_altar_flowoftime, minmay_misc_feat_rugged
D:2:      layout_loops_corners, basic_altar, serial_shops,
          nicolae_shop_window_shopping, shop, shop

Notes
Turn   | Place    | Note
-------+----------+-------------------------------------------
     0 | D:1      | Sobieck the Kobold Brigand began the quest for the Orb.
     0 | D:1      | Reached XP level 1. HP: 12/12 MP: 1/1
    84 | D:1      | Reached skill level 3 in Short Blades
   160 | D:1      | Reached XP level 2. HP: 17/17 MP: 2/2
   331 | D:1      | Found a faded altar of an unknown god.
   460 | D:1      | Reached skill level 2 in Dodging
   507 | D:1      | Reached XP level 3. HP: 21/21 MP: 3/3
   750 | D:1      | Reached skill level 4 in Short Blades
   899 | D:2      | Found Ytohud's Book Shop.
   939 | D:2      | Found Emuu's Armour Shop.
   976 | D:2      | Found Tewnuet's Armour Shoppe.
  1108 | D:2      | Found a basalt altar of Yredelemnul.
  1128 | D:2      | HP: 2/21 [gnoll/+0 spear (5)]
  1128 | D:2      | Slain by a gnoll

Vanquished Creatures
  An adder (D:2)
  A dart slug (D:1)
  A ball python (D:1)
  A bat (D:1)
  3 endoplasms
  3 giant cockroaches (D:1)
  A goblin (D:1)
  A hobgoblin (D:1)
  4 quokkas (D:1)
  2 rats (D:1)
18 creatures vanquished.

Table legend:
 A = Non-vault XP
 B = Vault XP
 C = Vault XP percentage of total XP
 D = Non-vault monster count
 E = Vault monster count
 F = Vault count percentage of total count
                 A         B        C        D         E       F
            +---------+---------+-------+---------+---------+-------
      Total |      47 |       0 |   0.0 |      18 |       0 |   0.0
            +---------+---------+-------+---------+---------+-------
        D:1 |      32 |       0 |   0.0 |      16 |       0 |   0.0
        D:2 |      15 |       0 |   0.0 |       2 |       0 |   0.0
            +---------+---------+-------+---------+---------+-------

Illustrated notes

Table legend:
 A = Kills in this place as a percentage of kills in entire the game.
 B = Kills by you in this place as a percentage of kills by you in the entire game.
 C = Kills by friends in this place as a percentage of kills by friends in the entire game.
 D = Other kills in this place as a percentage of other kills in the entire game.
 E = Experience gained in this place as a percentage of experience gained in the entire game.
 F = Experience gained in this place divided by the number of levels of this place that you have seen.
                   A       B       C       D       E      F
               +-------+-------+-------+-------+-------+----------------------
         Total | 100.0 | 100.0 |   N/A |   N/A | 100.0 |  23.5
       Dungeon | 100.0 | 100.0 |   N/A |   N/A | 100.0 |  23.5
               +-------+-------+-------+-------+-------+----------------------

Table legend: (Time is in decaauts)
 A = Elapsed time spent in this place.
 B = Non-inter-level travel time spent in this place.
 C = Inter-level travel time spent in this place.
 D = Time resting spent in this place.
 E = Time spent auto-exploring this place.
 F = Levels seen in this place.
 G = Mean time per level.
                   A        B        C        D        E       F      G
               +--------+--------+--------+--------+--------+-----+--------+
         Total |   1121 |   1076 |     45 |      0 |    964 |   2 |  560.5 |
       Dungeon |   1121 |   1076 |     45 |      0 |    964 |   2 |  560.5 |
               +--------+--------+--------+--------+--------+-----+--------+

Top non-repeatable levels by time:
     D:1: 891 daAuts
     D:2: 229 daAuts
